 Dungeon Crawl Stone Soup version 0.19.5 (webtiles) character file.

64 Presbiter the Grave Robber (level 3, -2/24 HPs)
             Began as a Demonspawn Necromancer on Apr 14, 2017.
             Slain by an ogre
             ... wielding a +0 giant spiked club
              (19 damage)
             ... on level 3 of the Dungeon.
             The game lasted 00:46:00 (2772 turns).

Presbiter the Grave Robber (Demonspawn Necromancer) Turns: 2772, Time: 00:46:01

Health: -2/24      AC: 10    Str:  9    XL:     3   Next: 91%
Magic:  1/7        EV: 12    Int: 16    God:
Gold:   75         SH:  0    Dex: 13    Spells: 3 memorised, 2 levels left

rFire  + . .     SeeInvis .     k - +1 short sword (protect)
rCold  . . .     Gourm    .     a - +1 robe
rNeg   . . .     Faith    .     (no shield)
rPois  .         Spirit   .     (no helmet)
rElec  .         Reflect  .     (no cloak)
rCorr  .         Harm     .     (no gloves)
MR     .....                    (no boots)
Stlth  +++.......               (no amulet)
                                (no ring)
                                (no ring)

@: protection aura
A: fire resistance 1, nightstalker 1
a: no special abilities


You were on level 3 of the Dungeon.
You were not hungry.

You visited 1 branch of the dungeon, and saw 3 of its levels.

You collected 75 gold pieces.

Inventory:

Hand Weapons
 d - a +0 dagger
 e - a +0 dagger
 f - a +0 short sword
 h - a +0 dagger
 i - a +0 dagger
 k - a +1 short sword of protection (weapon)
 n - a +0 dagger
 o - a +0 dagger
 q - a +0 dagger
 r - a +0 club
 s - a +0 short sword
 u - a +0 dagger
 v - a +0 club
 z - a +0 hand axe
Missiles
 p - 50 stones (quivered)
 x - 23 bolts
Armour
 a - a +1 robe (worn)
 g - a +0 robe
 l - a +0 ring mail
 w - a +0 leather armour
 y - a +0 leather armour
Wands
 j - a wand of enslavement (16/24)
Scrolls
 m - a scroll of remove curse
Potions
 t - a potion of resistance
Books
 b - a book of Necromancy

   Spells                             Type                      Level
   a - Pain                           Necromancy                   1
   b - Animate Skeleton               Necromancy                   1
   c - Vampiric Draining              Necromancy                   3
   d - Regeneration                   Charms/Necromancy            3
   e - Animate Dead                   Necromancy                   4
   f - Control Undead                 Necromancy                   4
Comestibles
 c - 2 bread rations


   Skills:
 + Level 0.2 Fighting
 + Level 1.0 Short Blades
 + Level 2.0 Dodging
 + Level 2.0 Stealth
 + Level 2.8 Spellcasting
 + Level 5.0 Necromancy


You had 2 spell levels left.
You knew the following spells:

 Your Spells              Type           Power        Failure   Level  Hunger
a - Pain                  Necr           ###.         2%          1    #......
b - Animate Skeleton      Necr           N/A          2%          1    #......
c - Vampiric Draining     Necr           ###.......   10%         3    ###....


Dungeon Overview and Level Annotations

Branches:
Dungeon (3/15)

Altars:
Zin


Innate Abilities, Weirdness & Mutations

Your flesh is heat resistant. (rF+)
You are slightly more attuned to the shadows.


Message History

Press: ? - help, Shift-Dir - straight line, f/p - ogre
Aim: an ogre, wielding a giant spiked club (moderately wounded, chance to defeat MR: 78%)
The ogre writhes in agony!
Casting: Pain
Confirm with . or Enter, or press ? or * to list all spells.
Aiming: Pain
Press: ? - help, Shift-Dir - straight line, f/p - ogre
Aim: an ogre, wielding a giant spiked club (heavily wounded, chance to defeat MR: 78%)
The ogre writhes in agony!
The ogre barely misses you.
You hit the ogre.
Your weapon exudes an aura of protection.
The ogre is heavily wounded.
The ogre barely misses you.
You hit the ogre but do no damage.
The ogre is heavily wounded.
You hit the ogre.
The ogre is severely wounded.
The ogre hits you with a giant spiked club!!
Ouch! That really hurt!
You die...

#### #..###### #......>### .#
##.####...##### ..#
#.######..@O.# .. #...#
#####.######## #. ###.######
#........# #.## #......#
##.......# .. ###..#########.#
##.......# ... ..##...#
#.###........##...
#......#######............#...
#####...##..................#
##..##.##########......##


You could see an ogre.

Vanquished Creatures
  An adder (D:2)
  An ooze (D:2)
  A worm (D:2)
  2 dart slugs
  2 giant cockroaches (D:1)
  4 goblins (D:1)
  2 hobgoblins (D:2)
  A jackal (D:2)
  7 kobolds
  A ball python (D:1)
  9 bats
  A frilled lizard (D:1)
  8 rats
40 creatures vanquished.

Vanquished Creatures (collateral kills)
  A goblin (D:1)
  A hobgoblin (D:1)
  A jackal (D:2)
  A kobold (D:1)
  A quokka (D:2)
5 creatures vanquished.

Grand Total: 45 creatures vanquished

Notes
Turn   | Place    | Note
-------+----------+-------------------------------------------
     0 | D:1      | Presbiter the Demonspawn Necromancer began the quest for the Orb.
     0 | D:1      | Reached XP level 1. HP: 13/13 MP: 3/3
     2 | D:1      | Learned a level 1 spell: Animate Skeleton
   325 | D:1      | Gained mutation: Your flesh is heat resistant. (rF+) [demonic ancestry]
   325 | D:1      | Reached XP level 2. HP: 18/19 MP: 3/5
  1186 | D:2      | Gained mutation: You are slightly more attuned to the shadows. [demonic ancestry]
  1186 | D:2      | Reached XP level 3. HP: 15/24 MP: 4/7
  2054 | D:2      | Found a glowing silver altar of Zin.
  2172 | D:2      | Reached skill level 1 in Short Blades
  2517 | D:3      | Reached skill level 5 in Necromancy
  2620 | D:3      | Learned a level 3 spell: Vampiric Draining
  2740 | D:3      | Noticed an ogre
  2772 | D:3      | Slain by an ogre

Skill      XL: |  1  2  3 |
---------------+----------+-----
Dodging        | 2 |  2.0
Short Blades   | 1 |  1.0
Stealth        | 2 |  2.0
Necromancy     | 5 |  5.0
Fighting       | |  0.2
Spellcasting   | |  2.8

Action                   || total
-------------------------++-------
Melee: Dagger            ||    19
       Short sword       ||    55
Throw: Stone             ||     1
 Cast: Pain              ||    35
       Animate Skeleton  ||    17
       Vampiric Draining ||     1
  Use: Scroll            ||     7
       Potion            ||     3
 Stab: Sleeping          ||     7
  Eat: Chunk             ||     5
       Meat ration       ||     1
Armor: Robe              ||    22
Dodge: Dodged            ||    40
